 Dungeon Crawl Stone Soup version 0.19.0-2-gae57169 (webtiles) character file.

55 jacquesderrida the Stinger (level 3, -2/18 HPs)
             Began as a Vine Stalker Wanderer on Nov 5, 2016.
             Slain by an orc
             ... wielding a +0 hand axe
              (3 damage)
             ... on level 4 of the Dungeon.
             The game lasted 00:02:03 (439 turns).

jacquesderrida the Stinger (Vine Stalker Wanderer)   Turns: 439, Time: 00:02:04

Health: -2/18      AC:  6    Str: 16    XL:     3   Next: 93%
Magic:  0/4        EV: 10    Int: 11    God:
Gold:   53         SH:  0    Dex: 13    Spells: 0 memorised, 2 levels left

rFire  . . .     SeeInvis .     a - +2 dagger
rCold  . . .     Gourm    .     k - +0 ring mail
rNeg   . . .     Faith    .     (no shield)
rPois  .         Spirit   +     (no helmet)
rElec  .         Reflect  .     j - +0 cloak
rCorr  .         Harm     .     (no gloves)
MR     .....                    (no boots)
Stlth  +.........               (no amulet)
                                (no ring)
                                (no ring)

@: no status effects
A: fangs 2, magic shield, antimagic bite, no device heal 3, rot immunity
a: no special abilities


You were on level 4 of the Dungeon.
You were not hungry.

You visited 1 branch of the dungeon, and saw 4 of its levels.

You collected 53 gold pieces.

Inventory:

Hand Weapons
 a - a +2 dagger (weapon)
 q - a +1 flail of crushing
Armour
 e - a +0 robe
 j - a +0 cloak (worn)
 k - a +0 ring mail (worn)
Scrolls
 b - 2 scrolls of blinking
 g - a scroll of random uselessness {unknown}
 i - a scroll of remove curse {unknown}
Potions
 d - 2 potions of curing
 h - a potion of degeneration {unknown}
 l - a potion of might {unknown}
 m - a potion of haste {unknown}
 n - a potion of lignification {unknown}
 o - a potion of flight {unknown}
 p - a potion of brilliance {unknown}
Books
 c - the Incunabulum of Venom

   Spells                             Type                      Level
   a - Sting                          Conjuration/Poison           1
   b - Spider Form                    Transmutation/Poison         3
Comestibles
 f - a bread ration


   Skills:
 + Level 2.0 Fighting
 - Level 1.7 Maces & Flails
 - Level 2.4 Stealth
 * Level 2.7 Unarmed Combat
   Level 5.0 Poison Magic


You had 2 spell levels left.
You didn't know any spells.

Dungeon Overview and Level Annotations

Branches:
Dungeon (4/15)
 Temple: D:4-7

Altars:
Dithmenos
Ru


Innate Abilities, Weirdness & Mutations

You have extremely sharp teeth.
When hurt, damage is shared between your health and your magic reserves.
Your bite disrupts and absorbs the magic of your enemies.
Potions and wands cannot restore your health.
You are immune to rotting.


Message History

You hit the orc but do no damage. You bite the orc, but do no damage.
The orc is moderately wounded.
The orc hits you with a hand axe.
* * * LOW HITPOINT WARNING * * *
You hit the orc. You bite the orc, but do no damage.
The orc is severely wounded.
The orc hits you but does no damage.
You hit the orc but do no damage.
The orc is severely wounded.
The orc misses you.
You hit the orc but do no damage.
The orc is severely wounded.
The orc barely misses you.
You hit the orc but do no damage. Your bite misses the orc.
The orc is severely wounded.
The orc hits you but does no damage.
You hit the orc but do no damage. Your punch misses the orc.
The orc is severely wounded.
The orc hits you with a hand axe.
You die...

....#.............#
....#....................
....+............ .......
.#+##.##.##.....# .......
.....##...##....# .....#
.[..##.....##...# .....#
....#.......#...# .....##
........_.......##.......
....#.......#...@o.......
....##.....##..###..#....
.....##...##.### #.... #
......##.##.. ...?#
............. ...#
............. ..## ....
.......o .# .#


You could see an orc.

Vanquished Creatures
  An orc wizard (D:2)
  A dart slug (D:3)
  5 orcs
  A giant cockroach (D:3)
  A goblin (D:2)
  3 hobgoblins
  A quokka (D:2)
  3 bats
  A frilled lizard (D:3)
  2 kobolds
19 creatures vanquished.

Notes
Turn   | Place    | Note
-------+----------+-------------------------------------------
     0 | D:1      | jacquesderrida the Vine Stalker Wanderer began the quest for the Orb.
     0 | D:1      | jacquesderrida set off with: a +2 dagger, a scroll of blinking, the Incunabulum of Venom, a potion of curing, a +0 robe, a bread ration
     0 | D:1      | Reached XP level 1. HP: 10/10 MP: 2/2
    35 | D:1      | You fall through a shaft!
    35 | D:2      | Found a sacrificial altar of Ru.
    38 | D:2      | Noticed an orc wizard
    47 | D:2      | Killed an orc wizard
    47 | D:2      | Reached XP level 2. HP: 6/15 MP: 1/3
    47 | D:2      | Reached XP level 3. HP: 7/18 MP: 1/4
   395 | D:4      | Found a shadowy altar of Dithmenos.
   439 | D:4      | Slain by an orc

Skill      XL: |  1  2  3 |
---------------+----------+-----
Unarmed Combat | 2 |  2.7
Fighting       | 2 |  2.0
Maces & Flails | |  1.7
Stealth        | |  2.4
Poison Magic   | |  5.0

Action                   || total
-------------------------++-------
Melee: Dagger            ||    66
       Bite              ||    22
       Flail             ||     4
 Stab: Sleeping          ||     3
       Paralysed         ||     1
Armor: Robe              ||     3
       Ring mail         ||    16
Dodge: Dodged            ||    37
